[Event "*** Titled Tuesday Blitz"]
[Site "Chess.com"]
[Date "2019.03.05"]
[Round "4"]
[White "Sashadav97"]
[Black "BigAl"]
[Result "1-0"]
[WhiteElo "2641"]
[BlackElo "2484"]
[TimeControl "180+2"]
[EndTime "13:57:01 PST"]
[Termination "Sashadav97 won by resignation"]

1. d4 Nf6 2. c4 g6 3. Nc3 Bg7 4. e4 O-O 5. Be2 d6 6. Be3 Nbd7 7. Nf3 e5 8. O-O c6 9. Re1 a6 10. Qc2 b5 11. Rad1 Qe7 12. a3 Bb7 13. d5 cxd5 14.
cxd5 Rac8 15. Nd2 Ne8 16. Nb3 f5 17. f3 Nc5 18. Na5 Na4 19. Qb3 Nxc3 20. bxc3 fxe4 21. fxe4 Nf6 22. Bf3 Ba8 23. a4 bxa4 24. Qb4 Qc7 25. c4 Nd7 26. Nc6 Bxc6 27. dxc6 Nc5 28. Bxc5 dxc5 29.
Qxa4 Qxc6 30. Qa5 Bf6 31. Rd5 Rfd8 32. Red1 Rxd5 33. exd5 Qd6 34. Be4 Rb8 35. Rf1 Bg5 36. Qa4 Be3+ 37. Kh1 Rf8 38. Rb1 Bd4 39. Qc6 Qxc6 40.
dxc6 Rc8 41. Rb7 Rf8 42. g3 Rc8 43. Bd5+ Kf8 44. Rxh7 a5 45. Rh8+ 1-0

[Event "*** Titled Tuesday Blitz"]
[Site "Chess.com"]
[Date "2019.03.05"]
[Round "4"]
[White "kuli4ik"]
[Black "Margency"]
[Result "1/2-1/2"]
[WhiteElo "2774"]
[BlackElo "2601"]
[TimeControl "180+2"]
[EndTime "13:57:03 PST"]
[Termination "Game drawn by repetition"]

1. d4 Nf6 2. Bg5 d5 3. e3 c5 4. c3 Qb6 5. Qb3 c4 6. Qc2 Ne4 7.
Bf4 Bf5 8. Qc1 Nc6 9. Nd2 e6 10. Ngf3 Be7 11. Be2 O-O 12. b3 Nxc3 13. Qxc3 Bb4 14.
Qc1 c3 15. Nf1 Rac8 16. a3 Ba5 17. Ng3 Qxb3 18. O-O Bg6 19. Nh4 c2 20. Nxg6 hxg6 21. a4 Bb4 22. h4 Na5 23. h5 gxh5 24. Nxh5 Nc4 25. e4 Qc3 26. Nxg7 Kxg7 27. Bxc4 Rxc4 28. Be5+ Kh7 29. Qg5 f6 30. Qh5+ Kg7 31. Qg5+ Kh7 32. Bxf6 Rxf6 33. Qxf6 Qxd4 34. Qf7+ Kh8 35. Qxe6 dxe4 36.
Rac1 Bd2 37. Qe8+ Kg7 38. Qe7+ Kg6 39. Qe6+ Kg7 40. Qe7+ Kg6 41. Qe6+ Kg5 42. Qg8+ Kh6 43. Qe6+ Kg7 44. Qe7+ Kg6 1/2-1/2

[Event "*** Titled Tuesday Blitz"]
[Site "Chess.com"]
[Date "2019.03.05"]
[Round "4"]
[White "Alexander_Moskalenko"]
[Black "chessking2151"]
[Result "1/2-1/2"]
[WhiteElo "2750"]
[BlackElo "2601"]
[TimeControl "180+2"]
[EndTime "13:57:03 PST"]
[Termination "Game drawn - insufficient material"]

1. c4 Nf6 2. Nc3 e5 3. Nf3 Nc6 4. e3 Bb4 5. Qc2 d6 6. Nd5 Ba5 7. a3 Nxd5 8. cxd5 Ne7 9. b4 Bb6 10. Bc4 O-O 11. Bb2 Bf5 12. Bd3 Bxd3 13. Qxd3 Ng6 14.
Qf5 h6 15. d4 Ne7 16. Qd3 exd4 17. Nxd4 Nxd5 18. Nf5 Nf6 19. Qc3 Re8 20. Nxh6+ gxh6 21. Qxf6 Qxf6 22. Bxf6 d5 23. O-O Re6 24. Bc3 Rc8 25.
Rfd1 c6 26. a4 Bc7 27. Bd4 a6 28. b5 axb5 29. axb5 Be5 30. bxc6 bxc6 31. Rac1 Bxd4 32. Rxd4 Ra8 33. Rf4 Ra2 34. g4 Rd2 35. Rb1 Kg7 36. Rb6 Rc2 37. h4 c5 38. Rxe6 fxe6 39. g5 hxg5 40.
hxg5 Kg6 41. Rf6+ Kxg5 42. Rxe6 Kf5 43. Re8 Kg4 44. Kg2 Kf5 45. Kg3 d4 46. exd4 cxd4 47. Kf3 d3 48. Rd8 Rc3 49. Ke3 Ke6 50. Rxd3 Rxd3+ 51.
Kxd3 Kd5 52. Ke3 Ke5 53. Kf3 Kf5 54. Kg3 Kg5 55. Kf3 Kf5 56. Ke3 Ke5 57. f3 Kf5 58. f4 Kf6 59. Ke4 Ke6 60. Kf3 Kf5 61. Kg3 Kg6 62.
Kg4 Kf6 63. f5 Kf7 64. Kf4 Kf6 65. Ke4 Kf7 66. Ke5 Ke7 67. f6+ Kf7 68. Kf5 Kf8 69. Kf4 Kf7 70. Kg5 Kf8 71. Kg6 Kg8 72. f7+ Kf8 73.
Kh7 Kxf7 1/2-1/2

[Event "*** Titled Tuesday Blitz"]
[Site "Chess.com"]
[Date "2019.03.05"]
[Round "4"]
[White "PowerThinking2650"]
[Black "Jbd735"]
[Result "0-1"]
[WhiteElo "2330"]
[BlackElo "2477"]
[TimeControl "180+2"]
[EndTime "13:57:04 PST"]
[Termination "Jbd735 won by resignation"]

1. e4 e5 2. Nf3 Nc6 3. Nc3 Nf6 4. d4 exd4 5. Nxd4 Bb4 6. Nxc6 bxc6 7. Bd3 d5 8. exd5 cxd5 9. O-O O-O 10. Bg5 c6 11. Qf3 Re8 12. Bxf6 Qxf6 13. Qxf6 gxf6 14. Ne2 Rb8 15.
Ng3 Bc5 16. Nh5 Re5 17. Ng3 Rxb2 18. Rfb1 Rxb1+ 19. Rxb1 Bb6 20. Kf1 c5 21. f4 Re7 22.
Nf5 Bxf5 23. Bxf5 c4 24. Re1 Be3 25. c3 h6 26. g3 Kf8 27. Bg4 Bd2 28. Rd1 Bxc3 29.
Rxd5 Re1+ 30. Kf2 Ra1 31. Rd8+ Kg7 32. Rc8 Rxa2+ 33. Kf3 Rxh2 34. Rxc4 Ba5 35. Bf5 Bb6 36. Bc2 h5 37. Bb3 h4 38. gxh4 Rh3+ 39. Kg4 Rxb3 40. Kh5 Rg3 41. f5 Rd3 42. Rg4+ Kh7 43. Rg3 Rd8 44.
Rg4 a5 45. Re4 Ra8 46. Re7 Kg7 47. Rb7 Bd4 48. Rb3 a4 49. Rg3+ Kf8 50. Ra3 Bc5 51.
Ra2 a3 52. Kh6 Ra4 53. h5 Rh4 54. Re2 Rh3 0-1

[Event "*** Titled Tuesday Blitz"]
[Site "Chess.com"]
[Date "2019.03.05"]
[Round "4"]
[White "ENEASZ"]
[Black "martinmartinez95"]
[Result "0-1"]
[WhiteElo "2351"]
[BlackElo "2474"]
[TimeControl "180+2"]
[EndTime "13:57:07 PST"]
[Termination "martinmartinez95 won by resignation"]

1. e4 c5 2. c3 Nf6 3. e5 Nd5 4. d4 cxd4 5. Nf3 Nc6 6. Bc4 Nb6 7.
Bb3 d5 8. exd6 Qxd6 9. O-O Be6 10. Bxe6 Qxe6 11. Nxd4 Nxd4 12. Qxd4 Rd8 13. Qh4 Qf6 14.
Qg3 g6 15. Be3 Qd6 16. Bf4 Qc6 17. Re1 Bg7 18. Na3 e6 19. Bg5 f6 20. Qh3 Kf7 21. Be3 f5 22. Nc2 e5 23. Nb4 Qe6 24.
Rad1 Nc4 25. Bg5 Rxd1 26. Rxd1 Nxb2 27. Rb1 Nc4 28. Nd3 b6 29. Re1 e4 30. Nf4 Qd6 31.
Bh6 Be5 32. Qh4 Qd8 33. Bg5 Qd2 34. Rf1 h6 35. Bxh6 Bxf4 36. Qxf4 Qxf4 37. Bxf4 Rd8 38. f3 e3 39. Rc1 Kf6 40. Kf1 g5 41. Bc7 Rd2 42. f4 gxf4 43. Bxf4 Rf2+ 0-1

[Event "*** Titled Tuesday Blitz"]
[Site "Chess.com"]
[Date "2019.03.05"]
[Round "4"]
[White "quesfr"]
[Black "mjray79"]
[Result "1-0"]
[WhiteElo "2230"]
[BlackElo "2114"]
[TimeControl "180+2"]
[EndTime "13:57:09 PST"]
[Termination "quesfr won by resignation"]

1. e4 e5 2. Nf3 Nc6 3. Nc3 Nf6 4.
d4 exd4 5. Nxd4 Bb4 6. Nxc6 dxc6 7. Qxd8+ Kxd8 8. Bd2 Ke7 9. f3 Rd8 10. Bd3 Be6 11. Ke2 c5 12. b3 a6 13. a3 Bxc3 14. Bxc3 b5 15. Ke3 Kf8 16. Be2 Re8 17. Ba5 Bd7 18.
Kf2 Rac8 19. Rhd1 Bc6 20. Bc3 Bxe4 21. Bxf6 Bxc2 22. Bc3 Bxd1 23. Rxd1 Rcd8 24. Rxd8 Rxd8 25. Ba5 Rd7 26. a4 c6 27. Bb6 Rd5 28. a5 Ke7 29. f4 Kd6 30. Ke3 Rd4 31. Bf3 Rb4 32. Bd1 c4 33. bxc4 Rxc4 34. Bd4 f6 35. Bb2 Ra4 36.
Bxa4 bxa4 37. Kd4 c5+ 38. Kc4 Kc6 39. Ba3 g5 40. fxg5 fxg5 41. Bxc5 h5 42. Bb4 g4 43. g3 Kd7 44. Kd5 Ke8 45. Ke6 Kd8 46. Kd6 Ke8 47.
Kc6 Kf7 48. Kb6 Kg6 49. Kxa6 1-0

[Event "*** Titled Tuesday Blitz"]
[Site "Chess.com"]
[Date "2019.03.05"]
[Round "4"]
[White "Vuk2000"]
[Black "Ainahia"]
[Result "1-0"]
[WhiteElo "2745"]
[BlackElo "2566"]
[TimeControl "180+2"]
[EndTime "13:57:13 PST"]
[Termination "Vuk2000 won on time"]

1. d4 e6 2. Nf3 Nf6 3. Bg5 h6 4. Bxf6 Qxf6 5. e4 d6 6. Nc3 g6 7. Qd2 Bg7 8. Bd3 Qe7 9. h4 Nc6 10. Ne2 Bd7 11. c3 O-O-O 12. a4 f5 13. a5 fxe4 14. Bxe4 d5 15. Bxg6 e5 16. dxe5 Nxe5 17. Nxe5 Qxe5 18. Qd4 Qxd4 19. Nxd4 Rhf8 20. f3 c5 21. Ne2 Bb5 22. Ng3 d4 23. Ne4 Bc6 24.
Rc1 b6 25. axb6 axb6 26. Kf2 dxc3 27. bxc3 Bxe4 28. Bxe4 Rd2+ 29. Kg3 Be5+ 30. Kh3 Rg8 31. g4 Rgd8 32. c4 Rf2 33. g5 h5 34. Rc2 Rxc2 35.
Bxc2 Rd2 36. Bg6 b5 37. cxb5 c4 38. Bxh5 c3 39. Rc1 Kc7 40. Kg4 Kb6 41. f4 Rd4 42. Kf5 Bxf4 43. Rxc3 Bd2 44. Rh3 Be1 45. g6 Rd5+ 46.
Ke4 1-0

[Event "*** Titled Tuesday Blitz"]
[Site "Chess.com"]
[Date "2019.03.05"]
[Round "4"]
[White "x-6099009240"]
[Black "chessmaxusa"]
[Result "0-1"]
[WhiteElo "2274"]
[BlackElo "2520"]
[TimeControl "180+2"]
[EndTime "13:57:14 PST"]
[Termination "chessmaxusa won on time"]

1. e4 c6 2. d4 d5 3. Nc3 dxe4 4. Nxe4 Bf5 5. Ng3 Bg6 6. Nh3 Nd7 7. Bc4 e6 8. O-O Ngf6 9. f4 Ne4 10. f5 Nxg3 11.
fxg6 Nxf1 12. gxf7+ Ke7 13. Qg4 Qb6 14. Qxe6+ Kd8 15.
Bg5+ Kc8 16. Rxf1 Qxd4+ 17. Kh1 Bd6 18. Be3 Qe5 19. Qxe5 Nxe5 20. Be6+ Kc7 21. Bd4 h6 22. Nf4 g5 23. Bxe5 gxf4 24. Bxh8 Rxh8 25. Bb3 h5 26. Re1 h4 27. h3 Kd7 28. Kg1 Bf8 29. Kf2 b5 30.
Kf3 Bd6 31. Be6+ Ke7 32. Bb3+ Kd7 33. Re4 a5 34. a4 Rf8 35. axb5 cxb5 36. Be6+ Kc6 37.
Bb3 Kd7 38. Ke2 a4 39. Ba2 Rc8 40. c3 Rb8 41. Be6+ Kc7 42. Bf5 Rf8 43. Bg6 Kd7 44.
Kf3 Be7 45. Rxf4 Rb8 0-1

[Event "*** Titled Tuesday Blitz"]
[Site "Chess.com"]
[Date "2019.03.05"]
[Round "4"]
[White "ManuDavid2910"]
[Black "Quiet_Desperation"]
[Result "1-0"]
[WhiteElo "2739"]
[BlackElo "2401"]
[TimeControl "180+2"]
[EndTime "13:57:14 PST"]
[Termination "ManuDavid2910 won by resignation"]

1. e4 Nc6 2. Nf3 d6 3. d4 Nf6 4. Nc3 d5 5. exd5 Nxd5 6. Bc4 e6 7. O-O Be7 8. Re1 O-O 9. Ne4 Nb6 10. Bb3 Na5 11.
Bf4 Nxb3 12. axb3 Nd5 13. Bg3 b6 14. c4 Nf6 15. Ne5 Bb7 16. Ng5 c5 17. Qe2 Qe8 18. d5 exd5 19. Nexf7 Ne4 20. Nxe4 dxe4 21. Ne5 Bf6 22.
Ng4 Bd4 23. Rad1 Rd8 24. h3 Qg6 25. Kh2 Qg5 26. Qd2 Qxd2 27. Rxd2 h5 28. Ne3 h4 29.
Bc7 Be5+ 30. Bxe5 Rxd2 31. Ng4 Re8 32. Bc3 Rd3 33. Ne3 Rf8 34. Kg1 Rfd8 35. Re2 a6 36. Nf5 b5 37. Bxg7 Rxb3 38. cxb5 axb5 39. Be5 Rd5 40. Ne7+ Kf7 41. Nxd5 Bxd5 42. Rc2 Bc4 43. Bd6 e3 44. fxe3 Rxe3 45. Bxc5 Re2 46. Rxe2 Bxe2 47. Bf2 Kg6 48. Bxh4 Bd3 49. Kf2 Bc4 50. Ke3 Bf1 51. Kf2 Bc4 52. Bg3 Bd5 53. Be5 Kf5 54. Bd4 Kg6 55.
b4 Bc4 56. g4 Bd3 57. Kg3 Bf1 58. h4 Bd3 59. h5+ Kh7 60. g5 Be2 61. Kh4 Bd3 62.
g6+ 1-0

[Event "*** Titled Tuesday Blitz"]
[Site "Chess.com"]
[Date "2019.03.05"]
[Round "4"]
[White "Arystanner"]
[Black "Divertissement"]
[Result "1-0"]
[WhiteElo "2661"]
[BlackElo "2724"]
[TimeControl "180+2"]
[EndTime "13:57:17 PST"]
[Termination "Arystanner won by resignation"]

1. e4 d6 2. d4 Nf6 3. Nc3 e5 4.
dxe5 dxe5 5. Qxd8+ Kxd8 6. Bg5 Bd6 7. O-O-O Nd7 8. Bc4 Ke7 9. Nd5+ Kf8 10. Nxf6 gxf6 11. Bh6+ Ke7 12. Ne2 Nb6 13. Bb3 Be6 14. Ng3 Rhg8 15.
Be3 a5 16. a4 Nd7 17. Bd5 c6 18. Bxe6 fxe6 19. Rd2 Bc7 20. Rhd1 Rad8 21. f3 b5 22. Nh5 Nb6 23. axb5 cxb5 24. Bc5+ Kf7 25. Bxb6 Bxb6 26.
Rd7+ Kg6 27. g4 b4 28. R1d6 Rxd7 29. Rxd7 a4 30. Rd6 Bd4 31. Rxe6 a3 32. bxa3 bxa3 33. h4 Rf8 34. Kb1 Rb8+ 35. Ka2 Kf7 36. Rxf6+ Ke7 37. Kxa3 Bc5+ 38. Ka2 Bd4 39. Rh6 Rb2+ 40. Ka3 Rxc2 41. Rxh7+ Kd6 42. g5 Kc6 43. Nf6 Kb5 44. Rb7+ Kc4 45.
Rc7+ Bc5+ 46. Rxc5+ Kxc5 47. g6 Rg2 48. Ng4 Rd2 49.
g7 Rd8 50. Nf6 Kd4 51. g8=Q Rxg8 52. Nxg8 Ke3 53. h5 Kxf3 54. h6 1-0

[Event "*** Titled Tuesday Blitz"]
[Site "Chess.com"]
[Date "2019.03.05"]
[Round "4"]
[White "AdrianaNikolova"]
[Black "mouseWLZ"]
[Result "0-1"]
[WhiteElo "2443"]
[BlackElo "2481"]
[TimeControl "180+2"]
[EndTime "13:57:21 PST"]
[Termination "mouseWLZ won by resignation"]

1. e4 e5 2. Nf3 Nc6 3. Nc3 Nf6 4. Bb5 d6 5. d4 exd4 6. Qxd4 Bd7 7. Bxc6 bxc6 8. b3 g6 9. Bb2 Bg7 10. O-O-O O-O 11.
Qd3 Bg4 12. h3 Bxf3 13. Qxf3 Nd7 14. h4 a5 15. Kb1 h5 16. Qe2 Ne5 17. f3 Qc8 18. Na4 Rb8 19. Rdg1 Rb4 20. g4 hxg4 21. fxg4 Rxa4 22. bxa4 Qb7 23. Ka1 Rb8 24. Rb1 Qb4 25. h5 Qxa4 26. hxg6 fxg6 27. c4 Qxc4 28. Qxc4+ Nxc4 29. Bxg7 Rxb1+ 30. Rxb1 Kxg7 31. Rb7 Kf6 32. Rxc7 c5 33.
Rc8 Kg5 34. Rg8 Kxg4 35. Rxg6+ Kf4 36. Re6 Ke3 37. Kb1 Nd2+ 38. Kc2 Nxe4 39. Kb3 d5 40.
Ka4 d4 41. Kxa5 d3 42. Rh6 d2 43. Rh3+ Kd4 44. Rh1 Nc3 45. a4 d1=Q 46. Rxd1+ Nxd1 47. Kb6 Nb2 48. a5 Nc4+ 49. Kb5 Nxa5 50. Kxa5 c4 0-1

[Event "*** Titled Tuesday Blitz"]
[Site "Chess.com"]
[Date "2019.03.05"]
[Round "4"]
[White "Micki-taryan"]
[Black "SantoBlue"]
[Result "1-0"]
[WhiteElo "2960"]
[BlackElo "2719"]
[TimeControl "180+2"]
[EndTime "13:57:25 PST"]
[Termination "Micki-taryan won by resignation"]

1. e4 e5 2. Nf3 Nc6 3. Bb5 a6 4. Ba4 Nf6 5. d3 b5 6. Bb3 Bc5 7. Nc3 d6 8. Nd5 h6 9. c3 Rb8 10. O-O O-O 11. h3 Nxd5 12. Bxd5 Ne7 13. Bb3 Ng6 14. d4 Bb6 15. Be3 Qf6 16. Re1 Nf4 17.
a4 Nxh3+ 18. gxh3 Bxh3 19. Kh2 Bg4 20. Kg3 Bh5 21. Rg1 c5 22. d5 Qg6+ 23. Kh2 Qxe4 24. Rg3 Bxf3 25. Rxf3 f5 26. Bc2 Qh4+ 27. Rh3 Qf6 28.
Qh5 Qf7 29. Rg1 Qxh5 30. Rxh5 f4 31. Bd2 Rf6 32. axb5 axb5 33. Ra1 c4 34. Kg2 g5 35. f3 Kg7 36. Be4 Bc5 37. Rhh1 b4 38. cxb4 Bxb4 39. Bxb4 Rxb4 40. Ra2 Rf7 41. Rc1 Rfb7 42.
Kh3 h5 43. Rc2 R7b6 44. Ra7+ Kf6 45. Rh7 Rxb2 46. Rh6+ Ke7 47. Rxc4 g4+ 48. Kh4 g3 49. Rc7+ Kd8 50. Rg7 Rh2+ 51. Kg5 1-0

[Event "*** Titled Tuesday Blitz"]
[Site "Chess.com"]
[Date "2019.03.05"]
[Round "4"]
[White "MaxiAMueller"]
[Black "Karina_Oparina"]
[Result "1/2-1/2"]
[WhiteElo "2058"]
[BlackElo "2159"]
[TimeControl "180+2"]
[EndTime "13:57:25 PST"]
[Termination "Game drawn by repetition"]

1. e4 c6 2. d4 d5 3. exd5 cxd5 4. Bd3 Nc6 5. c3 g6 6. Qf3 Bg7 7. Ne2 f6 8. O-O e5 9. dxe5 fxe5 10. Bb5 e4 11.
Qg3 Ne7 12. Bg5 O-O 13. Nd2 Qb6 14. c4 Nf5 15. Qa3 Ncd4 16. Nxd4 Nxd4 17. Ba4 Ne2+ 18. Kh1 Bxb2 19. Qe7 Qe6 20. Qxe6+ Bxe6 21. Rab1 Bf6 22. Bxf6 Rxf6 23. Rxb7 Nc3 24. Bb3 dxc4 25. Bxc4 Bxc4 26. Nxc4 Raf8 27. Kg1 Ne2+ 28. Kh1 Rxf2 29. Rxf2 Rxf2 30. h3 Rf1+ 31. Kh2 Nc3 32. Rxa7 Rf7 33. Rxf7 Kxf7 34. Kg3 Ke6 35. Kf4 Kd5 36. Nb6+ Kc6 37. Nc4 Kd5 38. Nb6+ Kd4 39. a4 e3 40. Kf3 e2 41. Kf2 Kd3 42. a5 Kd2 43. Nc4+ Kd1 44. Ne3+ Kd2 45. Nc4+ Kd1 46. Ne3+ Kd2 47. Nc4+ 1/2-1/2

[Event "*** Titled Tuesday Blitz"]
[Site "Chess.com"]
[Date "2019.03.05"]
[Round "4"]
[White "Alexander_Donchenko"]
[Black "LawrenceTrent"]
[Result "1-0"]
[WhiteElo "2739"]
[BlackElo "2524"]
[TimeControl "180+2"]
[EndTime "13:57:26 PST"]
[Termination "Alexander_Donchenko won by resignation"]

1. Nf3 Nc6 2. d4 d6 3. g3 Nf6 4. Bg2 g6 5. b3 Bg7 6. Bb2 O-O 7. O-O e5 8. dxe5 Ng4 9. Qc1 Ngxe5 10. Nxe5 Nxe5 11. c4 Rb8 12. Nc3 Re8 13. Qd2 a6 14. Rad1 Bf5 15. e4 Bd7 16. f4 Nc6 17. Nd5 Be6 18. Bxg7 Kxg7 19. f5 Bxd5 20. f6+ Kh8 21. Qh6 Rg8 22. exd5 Ne5 23. Rd4 Qf8 24. Qg5 h6 25.
Rh4 Kh7 26. Rff4 Rh8 27. Rxh6+ Qxh6 28. Rh4 Qxh4 29. Qxh4+ Kg8 30. Qf4 Re8 31. Be4 a5 32. h4 b6 33. Kg2 Rh7 34. Bc2 Nd7 35. Kh3 Re5 36. a3 Kf8 37. b4 axb4 38. axb4 Rh8 39. Bd3 Kg8 40. Bc2 Kf8 41. Qf1 g5 42. Ba4 Nb8 43. c5 gxh4 44. cxd6 hxg3+ 45. Kg2 cxd6 46. Qc4 Kg8 47. Qg4+ 1-0

[Event "*** Titled Tuesday Blitz"]
[Site "Chess.com"]
[Date "2019.03.05"]
[Round "4"]
[White "Man-Chuk"]
[Black "Shahinyan_ChessMood"]
[Result "1-0"]
[WhiteElo "2778"]
[BlackElo "2630"]
[TimeControl "180+2"]
[EndTime "13:57:27 PST"]
[Termination "Man-Chuk won on time"]

1. Nf3 f5 2. g3 Nf6 3. Bg2 d6 4. O-O e6 5. c4 Be7 6. Nc3 O-O 7. d3 e5 8. Rb1 Nc6 9. b4 Qe8 10. Nd5 Bd8 11. b5 Ne7 12. Nxf6+ Rxf6 13. c5 e4 14.
dxe4 fxe4 15. cxd6 Rxd6 16. Nd4 Nf5 17. Qb3+ Kh8 18.
Nxf5 Bxf5 19. Bf4 Rb6 20. a4 a6 21. Be3 Rf6 22. bxa6 Raxa6 23. Qxb7 Rxa4 24. Rfd1 h6 25.
Qb5 Qxb5 26. Rxb5 Be7 27. h3 Bd6 28. Bd4 Rf7 29. e3 Kh7 30. Rxf5 Rxf5 31. Bxe4 g6 32. Bxf5 gxf5 33. Kg2 Kg6 34. Kf3 Ra2 35. Rc1 Kf7 36. g4 Ke6 37. gxf5+ Kxf5 38. Bc5 Be5 39. Bf8 h5 40.
Rc6 Bh2 41. e4+ 1-0

[Event "*** Titled Tuesday Blitz"]
[Site "Chess.com"]
[Date "2019.03.05"]
[Round "4"]
[White "PchelkinVK"]
[Black "volcanoexplorer"]
[Result "0-1"]
[WhiteElo "2573"]
[BlackElo "2368"]
[TimeControl "180+2"]
[EndTime "13:57:29 PST"]
[Termination "volcanoexplorer won by resignation"]

1. d4 Nf6 2. Nc3 d5 3. Bf4 a6 4. Nf3 e6 5. a3 Be7 6. e3 O-O 7. Bd3 h6 8. Qe2 c5 9. dxc5 Bxc5 10. O-O Nc6 11. Rad1 Qe7 12. Bg3 Nh5 13. Bh4 Nf6 14.
e4 d4 15. e5 Nxe5 16. Nxe5 dxc3 17. Ng4 Bd4 18. bxc3 Bxc3 19. Qf3 Kh8 20. Be4 Bb2 21. c3 g5 22. Nxf6 gxh4 23. Qf4 Kg7 24. Nh5+ Kg8 25. Nf6+ Kg7 26. Nh5+ Kg8 27. Qe5 f5 28. Bd5 Qf7 29. Bb3 Qxh5 30. Rfe1 Qf7 31. Rd3 Kh7 32. Rh3 Qg7 33.
Qe2 Bxc3 34. Rxh4 Bxe1 35. Qxe1 e5 36. Rh3 f4 37. Rc3 Bf5 38. Bc2 Bxc2 39. Rxc2 Rac8 40. Re2 Rfe8 41. f3 Kh8 42. Re4 Qc7 43. h3 Qc1 44. Kh2 Qxe1 45. Rxe1 Rc3 46. Re4 Rxa3 47. Rc4 b5 48. Rc7 b4 49. h4 b3 50. Kh3 b2 51.
Rb7 Ra2 52. Kg4 Re7 53. Rxe7 b1=Q 54. Rxe5 Qg6+ 0-1

[Event "*** Titled Tuesday Blitz"]
[Site "Chess.com"]
[Date "2019.03.05"]
[Round "4"]
[White "TrickyTrapChess"]
[Black "SanchezKelvin"]
[Result "1/2-1/2"]
[WhiteElo "2318"]
[BlackElo "2510"]
[TimeControl "180+2"]
[EndTime "13:57:29 PST"]
[Termination "Game drawn by repetition"]

1. c4 g6 2. Nc3 Bg7 3. e4 c5 4. g3 Nc6 5. Bg2 d6 6. Nge2 h5 7. h4 Bg4 8. Nd5 Nd4 9. Qa4+ b5 10.
cxb5 Bxe2 11. b6+ Kf8 12. Nc7 Rc8 13. bxa7 Bd3 14. e5 Bxe5 15. Bb7 Qxc7 16. Bxc8 Bb5 17. Qxb5 Qxa7 18. Qd3 Qa8 19. O-O Nf3+ 20. Qxf3 Qxf3 21. Bh3 Nf6 22. d4 Bxd4 23. Kh2 Bxf2 24. Bf4 Nd5 25. Bg2 Qd3 26. Rxf2 Nxf4 27. Rxf4 f5 28. Raf1 Kg7 29.
R4f3 Qd2 30. R3f2 Qa5 31. a3 e5 32. Bd5 Rd8 33. Rf3 Kf6 34. Rb3 Qd2+ 35. Bg2 e4 36.
Rb7 d5 37. b4 cxb4 38. axb4 d4 39. Ra1 Rd6 40. Raa7 e3 41. Rf7+ Ke5 42. Rae7+ Re6 43. Rd7 Qa2 44. Rc7 d3 45. Rc5+ Kd6 46. Rc6+ Ke5 47. Rc5+ Kd6 48. Rc6+ Ke5 49. Rc5+ Kd6 50. Rc6+ 1/2-1/2

[Event "*** Titled Tuesday Blitz"]
[Site "Chess.com"]
[Date "2019.03.05"]
[Round "4"]
[White "StoreySniper"]
[Black "BasilSmash"]
[Result "1/2-1/2"]
[WhiteElo "2371"]
[BlackElo "2308"]
[TimeControl "180+2"]
[EndTime "13:57:29 PST"]
[Termination "Game drawn by repetition"]

1. e4 c6 2. d4 d5 3. e5 Bf5 4.
Nf3 e6 5. Be2 Ne7 6. Nbd2 Ng6 7. g3 Be7 8. h4 h5 9. c3 c5 10. dxc5 Bxc5 11. Nb3 Be7 12. Nbd4 Be4 13. O-O Bxf3 14. Bb5+ Nd7 15. Bxd7+ Qxd7 16. Nxf3 Qc7 17. Re1 O-O-O 18. Be3 Bc5 19. Bxc5 Qxc5 20. b4 Qc4 21. Qd4 Qxd4 22. cxd4 Kd7 23. Rec1 Rc8 24. Ng5 Rhf8 25. Rxc8 Kxc8 26. Rc1+ Kd7 27. f4 Ne7 28. Kf2 Nf5 29. Nf3 a6 30. a4 b6 31. a5 bxa5 32.
bxa5 Rb8 33. Ng5 Rb2+ 34. Ke1 f6 35. exf6 gxf6 36. Nh7 Nxd4 37. Nxf6+ Kd6 38. Nxh5 Nf3+ 39. Kf1 d4 40. Nf6 d3 41. Rd1 Nh2+ 42. Kg1 Nf3+ 43. Kf1 Ke7 44. Ne4 Nh2+ 45. Kg1 Nf3+ 46. Kf1 Nh2+ 47. Kg1 Nf3+ 48. Kf1 Nh2+ 49. Kg1 Nf3+ 50.
Kf1 Nh2+ 51. Kg1 Nf3+ 52. Kf1 1/2-1/2

[Event "*** Titled Tuesday Blitz"]
[Site "Chess.com"]
[Date "2019.03.05"]
[Round "4"]
[White "moro182"]
[Black "vugarrasulov"]
[Result "0-1"]
[WhiteElo "2807"]
[BlackElo "2751"]
[TimeControl "180+2"]
[EndTime "13:57:31 PST"]
[Termination "vugarrasulov won by resignation"]

1. d4 Nf6 2. Bf4 g6 3. Nc3 d5 4. e3 a6 5. Nf3 Bg7 6. Bd3 O-O 7. h3 Nbd7 8. O-O c5 9. dxc5 Nxc5 10. Qe2 Nfe4 11. Bxe4 Nxe4 12. Nxe4 dxe4 13. Ne5 Be6 14. Rfd1 Qa5 15. Ng4 h5 16. Nh2 Qb5 17. Qxb5 axb5 18. c3 b4 19. cxb4 Bxb2 20. Rab1 Rxa2 21. Nf1 Bf6 22.
Ng3 Bh4 23. Rbc1 g5 24. Be5 f6 25. Bc7 f5 26. Nh1 f4 27. Ra1 Rc2 28. Rac1 Rb2 29.
Be5 Ra2 30. Ra1 Rxa1 31. Rxa1 fxe3 32. fxe3 g4 33. hxg4 hxg4 34. Bf4 Rc8 35. Ng3 Rc4 36. b5 Rb4 37. b6 Bxg3 38. Bxg3 Rxb6 39. Be5 Rb3 40. Kf2 Rd3 41. Rb1 Bd5 42. Rb6 Kf7 43. Bd4 Bc6 44. Kg3 Ke6 45. Kxg4 Kd5 46. Kf4 Rd2 47. g4 e5+ 48. Bxe5 Rf2+ 49. Kg3 Rf3+ 50.
Kg2 Kxe5 51. Rb3 Bd5 52. Rc3 b5 53. g5 Rf5 54. g6 Rg5+ 0-1

[Event "*** Titled Tuesday Blitz"]
[Site "Chess.com"]
[Date "2019.03.05"]
[Round "4"]
[White "Kampkatten"]
[Black "Gabrielian_Artur"]
[Result "0-1"]
[WhiteElo "2779"]
[BlackElo "2753"]
[TimeControl "180+2"]
[EndTime "13:57:32 PST"]
[Termination "Gabrielian_Artur won by checkmate"]

1. Nf3 c5 2. c4 Nc6 3. Nc3 e5 4. e3 Nf6 5. Be2 Be7 6. O-O O-O 7. d4 exd4 8. exd4 d5 9. Re1 cxd4 10. Nxd4 dxc4 11.
Nxc6 bxc6 12. Qxd8 Rxd8 13. Bxc4 Bb4 14. Bg5 Bf5 15.
Rac1 Bg6 16. a3 Bf8 17. Ba2 Rab8 18. Na4 Rd4 19. Rc4 Rxc4 20. Bxc4 Ne4 21. Be3 a5 22. Rc1 h6 23. Be2 c5 24. f3 Nf6 25. Bxc5 Bf5 26. Bxf8 Kxf8 27. Rc5 Bd7 28. Rxa5 Bxa4 29. Rxa4 Rxb2 30.
Bc4 Nd7 31. Ra8+ Ke7 32. Ra7 f6 33. a4 Kd6 34. a5 Nc5 35. Rxg7 Rc2 36. Bf1 Ra2 37.
a6 Ne6 38. Rg6 Ke5 39. Rxh6 Ra1 40. Rh5+ f5 41. g4 Nd4 42. Kf2 Kf4 43. Bc4 Rc1 44.
Bd3 Ra1 45. gxf5 Ra2+ 46. Ke1 Ke3 47. Kf1 Nxf3 48. Be2 Rxe2 49. Rh3 Rf2# 0-1

[Event "*** Titled Tuesday Blitz"]
[Site "Chess.com"]
[Date "2019.03.05"]
[Round "4"]
[White "MatthewG-p4p"]
[Black "JonahWillow"]
[Result "0-1"]
[WhiteElo "2663"]
[BlackElo "2668"]
[TimeControl "180+2"]
[EndTime "13:57:32 PST"]
[Termination "JonahWillow won by resignation"]

1. c4 c5 2. Nc3 Nc6 3. g3 g6 4.
Bg2 Bg7 5. d3 e6 6. e4 Nge7 7.
Nge2 O-O 8. O-O d6 9. Be3 Nd4 10. Qd2 Nec6 11. Rab1 b6 12. a3 a5 13. f4 Bb7 14.
Kh1 Rb8 15. Ng1 Qd7 16. g4 f5 17. exf5 exf5 18. g5 Kh8 19. h4 Rfe8 20. Rbe1 Re6 21. Nd5 Ba8 22. b4 axb4 23. axb4 cxb4 24. Nxb4 Nxb4 25.
Bxd4 Bxd4 26. Qxb4 Bxg2+ 27. Kxg2 Rbe8 28. Nf3 Re2+ 29. Rxe2 Rxe2+ 30. Kg3 Re3 31. Re1 Qe6 32. Rxe3 Qxe3 33.
Qd2 Qxd2 34. Nxd2 Kg7 35. Nb3 Bc3 36. Nc1 Be1+ 37. Kh3 Kf7 38. Ne2 Ke6 39. Nd4+ Kd7 40. Nc2 Bd2 41. Kg3 Ke6 42. h5 d5 43. h6 Bc3 44.
Kf3 Kd6 45. Ne3 dxc4 46. dxc4 Kc5 47. Nd5 Bb2 48. Nf6 Bxf6 49. gxf6 Kd6 50. Ke3 Ke6 51. Kd4 Kxf6 0-1

[Event "*** Titled Tuesday Blitz"]
[Site "Chess.com"]
[Date "2019.03.05"]
[Round "4"]
[White "Doraemon7"]
[Black "ChessicallyInclined"]
[Result "1/2-1/2"]
[WhiteElo "2603"]
[BlackElo "2416"]
[TimeControl "180+2"]
[EndTime "13:57:34 PST"]
[Termination "Game drawn by agreement"]

1. d4 d5 2. c4 e6 3. Nf3 Nf6 4.
g3 dxc4 5. Bg2 a6 6. O-O Nc6 7.
e3 Bd7 8. Qe2 Bd6 9. Qxc4 O-O 10. Rd1 Rb8 11. Qe2 Qe7 12. Nbd2 e5 13. dxe5 Nxe5 14.
Nxe5 Bxe5 15. Nc4 Ba4 16. Rd2 Rfd8 17. f4 Rxd2 18. Bxd2 Bd4 19. Re1 Bc5 20. Kh1 Ne4 21. b3 Bc6 22. Bc1 f6 23. Qc2 Rd8 24. Re2 b6 25. Nd2 f5 26. Nxe4 fxe4 27. Rd2 Rxd2 28. Bxd2 a5 29. h3 h6 30. Kh2 Kh8 31. Qc4 Qd6 32. Bc3 Bd5 33. Qa6 Bxe3 34. Qc8+ Kh7 35.
Qf5+ Kh8 36. Bxe4 Bxe4 37. Qxe4 Bc5 38. Qe8+ Kh7 39. Qe4+ Kg8 40. Qe8+ Kh7 41. Qe4+ Kg8 42. h4 Qd7 43. Kg2 Qg4 44. Qe8+ Kh7 45. Qe4+ Kg8 46.
Qe8+ Kh7 47. Qe4+ Kg8 48. Qd5+ Kh8 49. Qd8+ Kh7 50. Qd3+ Kg8 51. Qd8+ Kh7 52. Qd3+ Kg8 53. Be5 c6 54. Qd8+ Kh7 55. Qd3+ Kg8 56. f5 Be7 57. Kh2 b5 58. Bc7 a4 59. Be5 axb3 60. axb3 1/2-1/2